AoeStats
← ARCxxBLaZeX

Golden Pit

509155710Analyzed
1v1 RM · 7d ago on Sep 25, 2026· 30m 13s· 2 players
Game mode
Random Map
Map size
Tiny (2 player)
Population
200
Speed
Normal
Resources
Standard
Victory
Conquest
Starting age
Dark Age
Ending age
Imperial Age
RankedLock teamsTeams togetherTeam positionsShared explorationLock speedFull tech treeHidden civsTurbo modeCheats
Victory
Defeat
🇺🇸 Franks · United States
364
+17
🇮🇳 Cumans · India
390
-17
Skibidi Chungus
7:40 Loom
10:00 Feudal Age
18:19 Wheelbarrow
21:14 Castle Age
22:20 Scale Barding Armor
23:23 Husbandry
ARCxxBLaZeX
1:19 Loom
13:40 Feudal Age
14:31 Horse Collar
14:40 Double-Bit Axe
23:01 Man-at-Arms
28:54 Scale Mail Armor
Connection lost

Rejoining the realm…

Still unreachable

The connection could not be restored.

Session expired

The server has moved on; the page needs a fresh start.